Workbook
Name _____PJ50: #REF!
Name _____pj51: #REF!
Name ____PJ50: #REF!
Name ____pj51: #REF!
Name ___PJ50: #REF!
Name ___pj51: #REF!
Name __PJ50: #REF!
Name __pj51: #REF!
Name _APU221: #REF!
Name _APU465: [1]!absc
Name _APU465: [1]!absc
Name _PJ50: #REF!
Name _pj51: #REF!
Name A: #REF!
Name A_impresión_IM: #REF!
Name absc: #N/A
Name absc: [1]!absc
Name absc: [1]!absc
Name ABSC1: [1]!absc
Name ABSC1: [1]!absc
Name adoq: [2]!absc
Name adoq: [2]!absc
Name alc: [3]!absc
Name alc: [3]!absc
Name AÑOWUIE: '[4]Res-Accide-10'!$R$2:$R$7
Name APU: [5]!absc
Name APU: [5]!absc
Name APU221.1: #REF!
Name APU221.2: #REF!
Name asdfñk: [6]!absc
Name asdfñk: [6]!absc
Name auto1: #REF!
Name auto2: #REF!
Name b: #REF!
Name bas: #REF!
Name bas: #REF!
Name C_: #REF!
Name CA: #REF!
Name CA: #REF!
Name CANT: #REF!
Name CARLOLUIS: '[7]Magdalena PIR 2008'!#REF!
Name CCCCCC: '[8]A. P. U.'!#REF!
Name ccto210: #REF!
Name COSTAS: #REF!
Name d: #REF!
Name DD: #REF!
Name diego: #REF!
Name diego1: #REF!
Name E: #REF!
Name E: #REF!
Name EQUIPO: #REF!
Name EXCROC: '[9]Análisis de precios'!$H$52
Name fd: '[8]A. P. U.'!#REF!
Name fm: #REF!
Name GKJDGDIJZ: "Imagen 3"
Name GRUPO1: #REF!
Name GRUPO2: #REF!
Name HOJA1: #REF!
Name I: #REF!
Name IF: '[8]A. P. U.'!#REF!

Sheet Presupuesto Oficial
B2: MINISTERIO DE TRANSPORTE
B3: INSTITUTO NACIONAL DE VÍAS
B4: SUBDIRECCION DE LA RED NACIONAL DE CARRETERAS
B5: INVITACIÓN PÚBLICA DE MINIMA CUANTIA No. IP-DT-CAU-014-2023
B6: FORMULARIO No. 1
B7: INTERVENTORIA TÉCNICA, ADMINSITRAIVA, FINANCIERA Y AMBIENTAL PARA EL MANTENIMIENTO Y MEJORAMIENTO DE VIAS TERCIARIAS EN EL MUNICIPIO DE ROSAS DEPARTAMENTO DEL CAUCA DEL PROGRAMA COLOMBIA RURAL.
E9: PLAZO | F9: 2.5 | G9: MESES
B11: FORMULARIO No. 1
B13: CANT. | C13: CARGO / OFICIO | D13: COSTOS | E13: PRIMA | F13: PARTICIPACIÓN | G13: VALOR
D14: DE PERSONAL | E14: REGIONAL | F14: (h-mes) | G14: PARCIAL ($)
B15: (1) | D15: (2) | E15: (3) | F15: (4) | G15: (1)*((2)+(3))*(4) = (5)
C16: COSTOS DIRECTOS DE PERSONAL
C17: PERSONAL PROFESIONAL
B18: 1 | C18: Director interventoría | D18: 6000000 | F18: 0.3 | G18: =+(D18+E18)*B18*F18 -> 1800000 | H18: VALOR MINIMO
B19: 1 | C19: Ingeniero Residente de Interventoría | D19: 3800000 | F19: 2.5 | G19: =+(D19+E19)*B19*F19 -> 9500000 | H19: VALOR MINIMO
B20: 1 | C20: Especialista Estructural y/o pavimentos | D20: 6000000 | F20: 0.5 | G20: =+(D20+E20)*B20*F20 -> 3000000 | H20: VALOR MINIMO
B21: 1 | C21: Profesional Ambiental | D21: 4000000 | F21: 1 | G21: =+(D21+E21)*B21*F21 -> 4000000 | H21: VALOR MINIMO
B22: 1 | C22: Profesional Social | D22: 3000000 | F22: 0.5 | G22: =+(D22+E22)*B22*F22 -> 1500000 | H22: VALOR MINIMO
C23: PERSONAL TÉCNICO
B24: 1 | C24: Inspector | D24: 1600000 | F24: 2 | G24: =+(D24+E24)*B24*F24 -> 3200000 | H24: VALOR MINIMO
C25: PERSONAL ADMINISTRATIVO
B26: 1 | C26: Secretaria | D26: 1180000 | F26: 1.8 | G26: =+(D26+E26)*B26*F26 -> 2124000 | H26: VALOR MINIMO
C27: PERSONAL AUXILIAR TÉCNICO
B28: 1 | C28: Conductor | D28: 1160000 | F28: 2.5 | G28: =+(D28+E28)*B28*F28 -> 2900000 | H28: VALOR MINIMO
C29: SUBTOTAL COSTOS DE PERSONAL = SUMATORIA DE (5) = (6) | G29: =SUM(G18:G28) -> 28024000
C30: FACTOR MULTIPLICADOR (7) | G30: 2.3 | H30: NO MODIFICAR
C31: SUBTOTAL COSTOS DE PERSONAL = (6) * (7) = (A) | G31: =G29*G30 -> 64455200
B32: CANT. | C32: CONCEPTO | D32: UNIDAD | E32: COSTO | F32: UTILIZACION | G32: VALOR
E33: ($) | G33: PARCIAL ($)
B34: (8) | E34: (9) | F34: (10) | G34: (8)*(9)*(10) = (11)
C35: OTROS COSTOS DIRECTOS
C36: COSTOS DE ALQUILER DE EQUIPOS Y OFICINA
B37: 1 | C37: Camioneta o Campero (Incluye peajes y Combustible) El modelo del vehiculo ofrecido deberá corresponder a modelos no mayores a 10 años ( 2013-2023) | D37: Mes | E37: 3500000 | F37: 2.5 | G37: =+B37*E37*F37 -> 8750000
B38: 1 | C38: Comision topografia ( inluye equipo, personal y transporte) | D38: Según comprobante por mes | E38: 4000000 | F38: 1.5 | G38: =+B38*E38*F38 -> 6000000
B39: 1 | C39: Ensayos de laboratorio de suelos, pavimentos y concretos completo | D39: Según comprobante por mes | E39: 650000 | F39: 2.5 | G39: =+B39*E39*F39 -> 1625000
B40: 1 | C40: Oficina/Campamento (incluye dotación y sevicios públicos) | D40: Según comprobante por mes | E40: 900000 | F40: 2.5 | G40: =+B40*E40*F40 -> 2250000
C41: OTROS COSTOS
B42: 1 | C42: Edición de informes, papelería, reproducciòn de documentos, planos, fotografías, etc | D42: Según comprobante por mes | E42: 200000 | F42: 2.5 | G42: =+B42*E42*F42 -> 500000
B43: 1 | C43: Comunicaciones (telefonía fija y/o celular, fax,correo, internet, etc) | D43: Según comprobante por mes | E43: 100000 | F43: 2.5 | G43: =+B43*E43*F43 -> 250000
B44: 1 | C44: Veeduría Comunitaria | D44: Según comprobante por mes | E44: 81365.4 | F44: 2.5 | G44: =ROUND(+B44*E44*F44,0) -> 203414
C45: SUBTOTAL OTROS COSTOS DIRECTOS = SUMATORIA DE (13) = (B) | G45: =ROUND(SUM(G36:G44),0) -> 19578414
C46: SUBTOTAL COSTOS BASICOS = (A) + (B) = (C) | G46: =G31+G45 -> 84033614
C47: PROVISIÓN PARA AJUSTES = (D)
C48: SUBTOTAL COSTOS BASICOS = (C) + (D) = (E) | G48: =G46+G47 -> 84033614
C49: IVA = 19% * (E) = (F) | G49: =ROUND(G48*19%,0) -> 15966387
C50: COSTO TOTAL = (E) + (F) | G50: =G46+G47+G49-1 -> 100000000
B51: NOTAS:
B52: 1. El Personal con dedicación del 100% en la interventoria, debe permanecer de tiempo completo en el lugar de ejecución de la obra, so pena de incurrir en falta grave a sus obligaciones, con la consecuente aplicación de las sanciones establecidas contractualmente.
B53: 2. Para el reconocimiento de los gastos deberá tenerse en cuenta la forma de pago establecida en los estudios previos, pliego de condiciones y contrato y las indicaciones pertinentes del Manual de Interventoría vigente, o el que lo modifique o sustituya. Se tendrá en cuenta lo siguiente, según corresponda:
B54: 2.1. Los costos directos de personal deben estar soportados por la nómina firmada, los cuales se anexarán al acta de costos para el trámite correspondiente ante el Instituto.
B55: 2.2. Los viáticos se reconocerán según su utilización real y sin superar los topes fijados en el presupuesto que contractualmente tenga vigente. Se reconoceran viaticos a los Profesionales de dedicación parcial, sin prima regional. En los casos en que se requiera la presencia del Director de Interventoría en Planta Central de INVIAS Bogotá, se le reconocerán viáticos.
B56: 2.3. El Equipo Completo de Topografía, Ensayos de Laboratorio Completo de Suelos, Pavimentos y Concretos, Oficina/Campamento (incluye dotación y sevicios públicos), Transportes Aereos y/o Terrestres (incluye peajes y combustible), Edición de Informes, Papelería, Reproducción de Documentos, Planos, Fotografías, Comunicaciones (telefonía fija y/o celular efectivamente utilizados para el proyecto, fax, correo, internet, etc.) y Veeduría Comunitaria, se reembolsarán según su costo real, contra la presentación de facturas y soportes respectivos.
B57: 2.4. Los gastos de transporte terrestre (incluye peajes y combustible) solo se reconocerán aquellos que se originen por el desplazamiento del personal a la zona del proyecto.
B58: 2.5. Los pasajes aéreos y/o terrestres (incluye peajes y combustible) se reconocerán para el Personal Director y/o Especialistas, previa autorización del Gestor del Contrato, de conformidad con la programación de Comités.
B59: 2.6. Para el caso del reembolso de los costos globales, es responsabilidad de la Interventoría el gasto racional de estos recursos, de acuerdo con las necesidades del proyecto dentro del plazo contractual.
B60: 2.7. La participación del personal de interventoría y la utilización de los otros costos de personal (Horas extras, recargos nocturnos, dominicales y festivos, jornadas 7X24) , se pagarán mensualmente, de conformidad con la programación de recursos aprobada PREVIAMENTE por el Supervisor del Contrato. por lo cual de no haberse surtido esta aprobación, su costo no será reconocido en la(s) respectiva(s) acta(s) de costos de interventoría.
B61: 2.8. Los valores que aparecen fijos e inmodificables , no podrán alterarse,de lo contrario, será causal de rechazo igualmente los que esten por fuera de los limites.
B62: 2.9. Los costos correspondientes a las jornadas adicionales cuando se programen jornadas de trabajo 7 días a la semana 24 horas diarias (7x24), serán pagados por la provisón de horas extras contempladas en el presupuesto.
B64: FIRMAS:
B66: Nombre y firma del Representante Legal del Proponente | E66: Nombre del proponente

Sheet propuesta Economica
B2: MINISTERIO DE TRANSPORTE
B3: INSTITUTO NACIONAL DE VÍAS
B4: SUBDIRECCION DE LA RED NACIONAL DE CARRETERAS
B5: INVITACIÓN PÚBLICA DE MINIMA CUANTIA No. IP-DT-CAU-014-2023
B6: FORMULARIO No. 1
B7: INTERVENTORIA TÉCNICA, ADMINSITRAIVA, FINANCIERA Y AMBIENTAL PARA EL MANTENIMIENTO Y MEJORAMIENTO DE VIAS TERCIARIAS EN EL MUNICIPIO DE ROSAS DEPARTAMENTO DEL CAUCA DEL PROGRAMA COLOMBIA RURAL
E9: PLAZO | F9: 2.5 | G9: MESES
B11: FORMULARIO No. 1
B13: CANT. | C13: CARGO / OFICIO | D13: COSTOS | E13: PRIMA | F13: PARTICIPACIÓN | G13: VALOR
D14: DE PERSONAL | E14: REGIONAL | F14: (h-mes) | G14: PARCIAL ($)
B15: (1) | D15: (2) | E15: (3) | F15: (4) | G15: (1)*((2)+(3))*(4) = (5)
C16: COSTOS DIRECTOS DE PERSONAL
C17: PERSONAL PROFESIONAL
B18: 1 | C18: Director interventoría | F18: 0.3 | H18: VALOR MINIMO
B19: 1 | C19: Ingeniero Residente de Interventoría | F19: 2.5 | H19: VALOR MINIMO
B20: 1 | C20: Especialista Estructural y/o pavimentos | F20: 0.5 | H20: VALOR MINIMO
B21: 1 | C21: Profesional Ambiental | F21: 1 | H21: VALOR MINIMO
B22: 1 | C22: Profesional Social | F22: 0.5 | H22: VALOR MINIMO
C23: PERSONAL TÉCNICO
B24: 1 | C24: Inspector | F24: 2 | H24: VALOR MINIMO
C25: PERSONAL ADMINISTRATIVO
B26: 1 | C26: Secretaria | F26: 1.8 | H26: VALOR MINIMO
C27: PERSONAL AUXILIAR TÉCNICO
B28: 1 | C28: Conductor | F28: 2.5 | H28: VALOR MINIMO
C29: SUBTOTAL COSTOS DE PERSONAL = SUMATORIA DE (5) = (6) | G29: =SUM(G18:G28) -> 0
C30: FACTOR MULTIPLICADOR (7) | G30: 2.3 | H30: NO MODIFICAR
C31: SUBTOTAL COSTOS DE PERSONAL = (6) * (7) = (A) | G31: =G29*G30 -> 0
B32: CANT. | C32: CONCEPTO | D32: UNIDAD | E32: COSTO | F32: UTILIZACION | G32: VALOR
E33: ($) | G33: PARCIAL ($)
B34: (8) | E34: (9) | F34: (10) | G34: (8)*(9)*(10) = (11)
C35: OTROS COSTOS DIRECTOS
C36: COSTOS DE ALQUILER DE EQUIPOS Y OFICINA
B37: 1 | C37: Camioneta o Campero (Incluye peajes y Combustible) El modelo del vehiculo ofrecido deberá corresponder a modelos no mayores a 10 años ( 2013-2023) | D37: Mes | F37: 2.5
B38: 1 | C38: Comision topografia | D38: Según comprobante por mes | F38: 1.5
B39: 1 | C39: Ensayos de laboratorio de suelos, pavimentos y concretos completo | D39: Según comprobante por mes | F39: 2.5
B40: 1 | C40: Oficina/Campamento (incluye dotación y sevicios públicos) | D40: Según comprobante por mes | F40: 2.5
C41: OTROS COSTOS
B42: 1 | C42: Edición de informes, papelería, reproducciòn de documentos, planos, fotografías, etc | D42: Según comprobante por mes | F42: 2.5
B43: 1 | C43: Comunicaciones (telefonía fija y/o celular, fax,correo, internet, etc) | D43: Según comprobante por mes | F43: 2.5
B44: 1 | C44: Veeduría Comunitaria | D44: Según comprobante por mes | F44: 2.5
C45: SUBTOTAL OTROS COSTOS DIRECTOS = SUMATORIA DE (13) = (B)
C46: SUBTOTAL COSTOS BASICOS = (A) + (B) = (C)
C47: PROVISIÓN PARA AJUSTES = (D)
C48: SUBTOTAL COSTOS BASICOS = (C) + (D) = (E)
C49: IVA = 19% * (E) = (F)
C50: COSTO TOTAL = (E) + (F)
B51: NOTAS:
B52: 1. El Personal con dedicación del 100% en la interventoria, debe permanecer de tiempo completo en el lugar de ejecución de la obra, so pena de incurrir en falta grave a sus obligaciones, con la consecuente aplicación de las sanciones establecidas contractualmente.
B53: 2. Para el reconocimiento de los gastos deberá tenerse en cuenta la forma de pago establecida en los estudios previos, pliego de condiciones y contrato y las indicaciones pertinentes del Manual de Interventoría vigente, o el que lo modifique o sustituya. Se tendrá en cuenta lo siguiente, según corresponda:
B54: 2.1. Los costos directos de personal deben estar soportados por la nómina firmada, los cuales se anexarán al acta de costos para el trámite correspondiente ante el Instituto.
B55: 2.2. Los viáticos se reconocerán según su utilización real y sin superar los topes fijados en el presupuesto que contractualmente tenga vigente. Se reconoceran viaticos a los Profesionales de dedicación parcial, sin prima regional. En los casos en que se requiera la presencia del Director de Interventoría en Planta Central de INVIAS Bogotá, se le reconocerán viáticos.
B56: 2.3. El Equipo Completo de Topografía, Ensayos de Laboratorio Completo de Suelos, Pavimentos y Concretos, Oficina/Campamento (incluye dotación y sevicios públicos), Transportes Aereos y/o Terrestres (incluye peajes y combustible), Edición de Informes, Papelería, Reproducción de Documentos, Planos, Fotografías, Comunicaciones (telefonía fija y/o celular efectivamente utilizados para el proyecto, fax, correo, internet, etc.) y Veeduría Comunitaria, se reembolsarán según su costo real, contra la presentación de facturas y soportes respectivos.
B57: 2.4. Los gastos de transporte terrestre (incluye peajes y combustible) solo se reconocerán aquellos que se originen por el desplazamiento del personal a la zona del proyecto.
B58: 2.5. Los pasajes aéreos y/o terrestres (incluye peajes y combustible) se reconocerán para el Personal Director y/o Especialistas, previa autorización del Gestor del Contrato, de conformidad con la programación de Comités.
B59: 2.6. Para el caso del reembolso de los costos globales, es responsabilidad de la Interventoría el gasto racional de estos recursos, de acuerdo con las necesidades del proyecto dentro del plazo contractual.
B60: 2.7. La participación del personal de interventoría y la utilización de los otros costos de personal (Horas extras, recargos nocturnos, dominicales y festivos, jornadas 7X24) , se pagarán mensualmente, de conformidad con la programación de recursos aprobada PREVIAMENTE por el Supervisor del Contrato. por lo cual de no haberse surtido esta aprobación, su costo no será reconocido en la(s) respectiva(s) acta(s) de costos de interventoría.
B61: 2.8. Los valores que aparecen fijos e inmodificables, no podrán alterarse, de lo contrario, será causal de rechazo.
B62: 2.9. Los costos correspondientes a las jornadas adicionales cuando se programen jornadas de trabajo 7 días a la semana 24 horas diarias (7x24), serán pagados por la provisón de horas extras contempladas en el presupuesto.
B64: FIRMAS:
B66: Nombre y firma del Representante Legal del Proponente | E66: Nombre del proponente

Sheet CRONOGRAMA Y PLAN DE CARGAS
A1: MINISTERIO DE TRANSPORTE
A2: INSTITUTO NACIONAL DE VÍAS
A3: DIRECCION TERRITORIAL CAUCA
A5: IP-DT-CAU-014-2023
A6: INTERVENTORIA TÉCNICA, ADMINSITRAIVA, FINANCIERA Y AMBIENTAL PARA EL MANTENIMIENTO Y MEJORAMIENTO DE VIAS TERCIARIAS EN EL MUNICIPIO DE ROSAS DEPARTAMENTO DEL CAUCA DEL PROGRAMA COLOMBIA RURAL.
A8: CRONOGRAMA Y PLAN DE CARGAS
A11: ACTIVIDADES | B11: MES | E11: 1 | F11: MES | I11: 2 | J11: MES | M11: 3 | N11: RESPONSABLE | O11: UTILIZACION MES-HOMBRE
B12: 1 | C12: 2 | D12: 3 | E12: 4 | F12: 1 | G12: 2 | H12: 3 | I12: 4 | J12: 1 | K12: 2 | L12: 3 | M12: 4 | O12: 1 | P12: 1 | Q12: 1 | R12: 1 | S12: 1 | T12: 1 | U12: 1 | V12: 1
O13: =+'Presupuesto Oficial'!C18 -> Director interventoría | P13: =+'Presupuesto Oficial'!C19 -> Ingeniero Residente de Interventoría | Q13: =+'Presupuesto Oficial'!C20 -> Especialista Estructural y/o pavimentos | R13: =+'Presupuesto Oficial'!C21 -> Profesional Ambiental | S13: =+'Presupuesto Oficial'!C22 -> Profesional Social | T13: =+'Presupuesto Oficial'!C24 -> Inspector | U13: =+'Presupuesto Oficial'!C26 -> Secretaria | V13: =+'Presupuesto Oficial'!C28 -> Conductor
A15: 1. ETAPA DE PRECONSTRUCCIÓN. Seguimiento, control y revisión a diseños y permisos ambientales. | B15: 1 | C15: 1 | D15: 1 | E15: 1 | N15: Director de Interventoría, Especialista en Geotecnia y/o Pavimentos, Especialista Ambiental. | O15: 0.04 | P15: 0 | Q15: 0.1 | R15: 0.2 | S15: 0.1 | T15: 0.05 | U15: 0.05 | V15: 0.5
A16: 2. ETAPA DE CONSTRUCCIÓN: | D16: 1 | E16: 1 | F16: 1 | G16: 1 | H16: 1 | I16: 1 | J16: 1 | K16: 1 | L16: 1 | M16: 1 | N16: Director de Interventoría, Residente Interventoria, Especialista en Geotecnia y/o Pavimentos, Especialista Ambiental, todo el personal | O16: 0.04 | P16: 2 | Q16: 0.05 | R16: 0.1 | S16: 0.05 | T16: 0.9 | U16: 0.1 | V16: 2
A17: 2.1. CONTROL TECNICO, FINANCIERO, ADMINISTRATIVO, LEGAL Y AMBIENTAL | B17: 1 | C17: 1 | D17: 1 | E17: 1 | F17: 1 | G17: 1 | H17: 1 | I17: 1 | J17: 1 | K17: 1 | L17: 1 | M17: 1 | N17: Director de Interventoría, Residente Interventoria, Especialista en Geotecnia y/o Pavimentos, Especialista Ambiental, todo el personal | O17: 0.025 | P17: 0.05 | Q17: 0.025 | R17: 0.1 | S17: 0.025 | T17: 0.8 | U17: 0.1 | V17: 0
A18: 2.2. INFORMES SEMANALES DE SEGUIMIENTO Y APLICATIVO CIFRA | B18: 1 | C18: 1 | D18: 1 | E18: 1 | F18: 1 | G18: 1 | H18: 1 | I18: 1 | J18: 1 | K18: 1 | L18: 1 | M18: 1 | N18: Director de Interventoría, Residente Interventoria | O18: 0.025 | P18: 0.08 | Q18: 0.06 | R18: 0.05 | S18: 0.06 | T18: 0.1 | U18: 0.3 | V18: 0
A19: 2.3. INFORMES MENSUALES | E19: 1 | I19: 1 | M19: 1 | N19: Director de Interventoría, Residente Interventoria, Especialista en Geotecnia y/o Pavimentos, Especialista Ambiental, todo el personal | O19: 0.03 | P19: 0.2 | Q19: 0.1 | R19: 0.1 | S19: 0.05 | T19: 0.1 | U19: 0.3 | V19: 0
A20: 2.4. INFORMES EJECUTIVOS. (Semanal y mensualmente, ya sea en Físico, vía Web o ambas). | E20: 1 | I20: 1 | M20: 1 | N20: Director de Interventoría, Residente Interventoria, secretaria | O20: 0.03 | P20: 0.05 | Q20: 0.05 | R20: 0.05 | S20: 0.04 | T20: 0.05 | U20: 0.2 | V20: 0
A21: 2.5. INFORME TRIMESTRAL DANE: INDICADOR DE AVANCE DE OBRAS CIVILES "IAFOC" | M21: 1 | N21: Director de Interventoría, Residente Interventoria, secretaria | O21: 0.03 | P21: 0.02 | Q21: 0.03 | R21: 0.1 | S21: 0.03 | T21: 0 | U21: 0.3 | V21: 0
A22: 2.6. RECIBO FINAL DE OBRA E INTERVENTORIA | M22: 1 | N22: Director de Interventoría, Residente Interventoria, Especialista en Geotecnia y/o Pavimentos, Especialista Ambiental, todo el personal | O22: 0.04 | P22: 0.05 | Q22: 0.04 | R22: 0.1 | S22: 0.04 | T22: 0 | U22: 0.2 | V22: 0
A23: 2.7. INFORME FINAL Y ENTREGA DOCUMENTOS PARA LIQUIDACION | M23: 1 | N23: Director de Interventoría, Residente Interventoria, secretaria | O23: 0.04 | P23: 0.05 | Q23: 0.04 | R23: 0.2 | S23: 0.1 | T23: 0 | U23: 0.25 | V23: 0
N24: VALOR TOTAL MES-HOMBRE | O24: =SUM(O15:O23)/2.5 -> 0.12 | P24: =SUM(P15:P23)/2.5 -> 1 | Q24: =SUM(Q15:Q23)/2.5 -> 0.198 | R24: =SUM(R15:R23)/2.5 -> 0.4 | S24: =SUM(S15:S23)/2.5 -> 0.198 | T24: =SUM(T15:T23)/2.5 -> 0.8 | U24: =SUM(U15:U23)/2.5 -> 0.72 | V24: =SUM(V15:V23)/2.5 -> 1
N25: DEDICACIÓN TOTAL PRESUPUESTO | O25: =+O24*2.5 -> 0.3 | P25: =+P24*2.5 -> 2.5 | Q25: =+Q24*2.5 -> 0.495 | R25: =+R24*2.5 -> 1 | S25: =+S24*2.5 -> 0.495 | T25: =+T24*2.5 -> 2 | U25: =+U24*2.5 -> 1.8 | V25: =+V24*2.5 -> 2.5
A33: Nombre y firma del Representante Legal del Proponente
